 Dungeon Crawl Stone Soup version 0.28.0 (webtiles) character file.

Game seed: 13088481895461165377

67 browni3141 the Chopper (level 4, -12/61 HPs)
             Began as a Minotaur Berserker on Feb 16, 2022.
             Was a Believer of Trog.
             Killed by divine providence
             ... invoked by an orc priest
              (14 damage)
             ... on level 3 of the Dungeon.
             The game lasted 00:01:03 (2683 turns).

browni3141 the Chopper (Minotaur Berserker)         Turns: 2683, Time: 00:01:04

Health: -12/61     AC:  3    Str: 23    XL:     4   Next: 0%
Magic:  3/3        EV: 12    Int:  4    God:    Trog [**....]
Gold:   64         SH:  0    Dex: 10    Spells: 3/3 levels left

rFire   . . .      SeeInvis .   a - +0 hand axe
rCold   . . .      Faith    .   (no shield)
rNeg    . . .      Spirit   .   b - +0 animal skin
rPois   .          Reflect  .   (helmet restricted)
rElec   .          Harm     .   (no cloak)
rCorr   .          Rampage  .   (no gloves)
Will    ++...                   i - +0 pair of boots
Stlth   ..........              (no amulet)
HPRegen 1.20/turn               (no ring)
MPRegen 0.08/turn               (no ring)

@: berserking, strong-willed, regenerating, very quick
A: horns 2, retaliatory headbutt
a: Renounce Religion, Berserk, Trog's Hand


You were on level 3 of the Dungeon.
You worshipped Trog.
Trog was pleased with you.
You visited 1 branch of the dungeon, and saw 3 of its levels.

You collected 64 gold pieces.

Inventory:

Hand Weapons
 a - a +0 hand axe (weapon)
Armour
 b - a +0 animal skin (worn)
 i - a +0 pair of boots (worn)
Scrolls
 c - 2 scrolls of vulnerability {unknown}
 d - a scroll of enchant armour {unknown}
 f - 2 scrolls of identify {unknown}
 h - 4 scrolls of magic mapping {unknown}
 j - a scroll of fog {unknown}
 k - a scroll of enchant weapon {unknown}
Potions
 e - 4 potions of brilliance {unknown}
 g - a potion of invisibility {unknown}
 l - a potion of haste {unknown}


   Skills:
 + Level 4.4 Fighting
 + Level 4.5 Axes
 + Level 3.6 Armour
 - Level 2.1 Dodging


You had 3 spell levels left.
You didn't know any spells.
Your spell library was empty.

Dungeon Overview and Level Annotations

Branches:
Dungeon (3/15)

Altars:


Innate Abilities, Weirdness & Mutations

You have a pair of horns on your head.
You reflexively headbutt those who attack you in melee.


Message History

The orc hits you with a +2 dagger of venom.
You are poisoned.
The orc priest miscasts a cantrip.
The orc shouts!
You hit the orc.
You kill the orc!
Trog accepts your kill.
You feel sick.
A puff of flame appears from out of thin air!
The puff of flame misses you.
You have reached level 4!
You feel agile.
You feel sick.
The orc priest mumbles some strange prayers to Beogh against you.
Beogh smites you!
Things that are here:
a +2 dagger of venom; a +0 war axe; a +0 ring mail Unknown command.
Your skin crawls.
You feel strong-willed.
You feel sick.
You feel sick. Something hits you.
You miss something. Your headbutt misses something.
You feel sick.
You are no longer poisoned.
Something hits you.
* * * LOW HITPOINT WARNING * * *
Unknown command.
A red film seems to cover your vision as you go berserk!
You feel yourself moving faster!
You feel mighty! Something hits you.
* * * LOW HITPOINT WARNING * * *
The orc priest invokes the aid of Beogh against you.
Beogh smites you!
* * * LOW HITPOINT WARNING * * *
You are too injured to fight recklessly!
You are too injured to fight recklessly!
You are too injured to fight recklessly!
You miss something. Your headbutt misses something.
The orc priest invokes the aid of Beogh against you.
Beogh smites you!
You die...

#### ...# ##[# #.# ##.#
##.#############
................
#..#####..############.#
#..# #..##...)@{oo...#
#..# #..##.###########
#..# #.....#
#..##.....####
...##.###.# #.### #.#
#.# #.# #.# ..# # ..#


You could see an orc priest and an orc.

Vanquished Creatures
  A worm (D:3)
  A dart slug (D:2)
  2 orcs (D:3)
  3 endoplasms (D:1)
  A giant cockroach (D:2)
  9 goblins
  11 hobgoblins
  6 quokkas
  8 ball pythons
  3 bats
  4 kobolds
  6 rats
55 creatures vanquished.

Notes
Turn   | Place    | Note
-------+----------+-------------------------------------------
     0 | D:1      | browni3141 the Minotaur Berserker began the quest for the
                  | Orb.
     0 | D:1      | Reached XP level 1. HP: 19/19 MP: 0/0
   374 | D:1      | Reached XP level 2. HP: 27/27 MP: 1/1
  1130 | D:1      | Found a faded altar of an unknown god.
  1364 | D:2      | Reached XP level 3. HP: 33/33 MP: 2/2
  1431 | D:2      | Reached ** piety under Trog
  2678 | D:3      | Reached XP level 4. HP: 30/41 MP: 3/3
  2682 | D:3      | HP: 1/61 [orc priest/divine providence (15)]
  2683 | D:3      | Killed from afar by an orc priest

Illustrated notes

Levels and vault maps discovered:
D:1:      ncdulo_smallfort, layout_basic, chequers_ecumenical_altar_simple,
          dk_noncrumbling_4
D:2:      kennysheep_the_goblin_king, layout_loops_corners
D:3:      layout_loops_ring, minmay_joined_circles, uniq_ijyb

Skill      XL: |  1  2 |
---------------+-------+-----
Axes           | 4 |  4.5
Armour         | 3 |  3.6
Fighting       | 4 |  4.4
Dodging        | |  2.1

Action                   |  1- 3 |  4- 6 || total
-------------------------+-------+-------++-------
Melee: Hand axe          |   121 |     2 ||   123
       Headbutt          |    20 |       ||    20
       Punch             |     2 |       ||     2
Invok: Berserk           |       |     1 ||     1
       Trog's Hand       |       |     1 ||     1
Armor: Animal skin       |    23 |       ||    23
Dodge: Dodged            |    80 |       ||    80
